 Dungeon Crawl Stone Soup version 0.18-a0-1225-g5d63bca (webtiles) character file.

252 Duffy the Skirmisher (level 6, -5/33 HPs)
             Began as a Vine Stalker Fighter on Feb 4, 2016.
             Slain by Duffy's ghost (6 damage)
             ... on level 4 of the Dungeon.
             The game lasted 00:02:31 (2870 turns).

Duffy the Skirmisher (Vine Stalker Fighter)         Turns: 2870, Time: 00:02:31

Health: -5/33      AC:  6    Str: 20    XL:     6   Next: 13%
Magic:  0/7        EV:  2    Int:  9    God:
Gold:   119        SH:  9    Dex: 13    Spells: 0 memorised, 5 levels left

rFire  . . .     SeeInvis .     a - +0 flail
rCold  . . .     Gourm    .     b - +0 scale mail
rNeg   . . .     Faith    .     c - +0 shield
rPois  .         Spirit   +     (no helmet)
rElec  .         Dismiss  .     (no cloak)
rCorr  .         Reflect  .     (no gloves)
SustAt .         Harm     .     (no boots)
MR     +....                    (no amulet)
Stlth  ..........               (no ring)
                                k - ring of protection from magic

@: somewhat resistant to hostile enchantments, extremely unstealthy
A: fangs 2, regeneration 2, magic shield, antimagic bite, no device heal 3, rot
immunity
a: no special abilities


You were on level 4 of the Dungeon.
You were not hungry.

You visited 1 branch of the dungeon, and saw 4 of its levels.

You collected 119 gold pieces.


Innate Abilities, Weirdness & Mutations

You have extremely sharp teeth.
You heal very quickly.
When hurt, damage is shared between your health and your magic reserves.
Your bite disrupts and absorbs the magic of your enemies.
Potions and wands cannot restore your health.
You are immune to rotting.


   Skills:
 + Level 4.0 Fighting
 * Level 3.8 Maces & Flails
 + Level 3.0 Armour
 + Level 3.4 Shields


You had 5 spell levels left.
You didn't know any spells.

Inventory:

Hand Weapons
 a - a +0 flail (weapon)
Missiles
 p - 4 poisoned needles
Armour
 b - a +0 scale mail (worn)
 c - a +0 shield (worn)
Jewellery
 k - a ring of protection from magic (left hand)
Scrolls
 e - a scroll of enchant weapon {unknown}
 j - 3 scrolls of teleportation {unknown}
 l - 2 scrolls of amnesia {unknown}
 m - a scroll of remove curse {unknown}
 n - a scroll of random uselessness {unknown}
 o - a scroll of recharging {unknown}
 u - a scroll of fog {unknown}
Potions
 d - a potion of might
 g - a potion of mutation {unknown}
 h - 2 potions of resistance {unknown}
 i - 3 potions of curing {unknown}
 q - 2 potions of heal wounds {unknown}
 r - 2 potions of flight {unknown}
 s - a potion of cancellation {unknown}
Comestibles
 f - 7 bread rations
 t - a royal jelly
 v - a chunk of flesh

Dungeon Overview and Level Annotations

Branches:
Dungeon (4/15)
 Temple: D:4-7

Altars:
Makhleb
Qazlal
The Shining One

Annotations:
D:4 Duffy's ghost, novice VSFi


Message History

The orc hits you with a mace.
The orc hits you from afar with a trident.
Duffy's ghost hits you. You block the orc's attack.
You hit Duffy's ghost but do no damage. Your bite misses Duffy's ghost.
Duffy's ghost is lightly damaged.
The orc barely misses you. You block the orc's attack.
Duffy's ghost barely misses you. The orc barely misses you. x2
The orc hits you with a flail. You block the orc's attack.
The orc barely misses you. Duffy's ghost misses you.
You hit Duffy's ghost. You bite Duffy's ghost. You drain its power.
You feel invigorated.
Duffy's ghost is moderately damaged.
You block the orc's attack. The orc barely misses you.
The orc hits you with a flail. You block the orc's attack. The orc hits you.
Duffy's ghost hits you!
You are too injured to fight recklessly!
You are too injured to fight recklessly!
You are too injured to fight recklessly!
You are too injured to fight recklessly!
You are too injured to fight recklessly!
You are too injured to fight recklessly!
You are too injured to fight recklessly!
You are too injured to fight recklessly!
You are too injured to fight recklessly!
You are too injured to fight recklessly!
You are too injured to fight recklessly!
You are too injured to fight recklessly!
You are too injured to fight recklessly!
You are too injured to fight recklessly!
You are too injured to fight recklessly!
You are too injured to fight recklessly!
The orc hits you from afar with a trident.
You block the orc's attack. The orc barely misses you. The orc hits you.
The orc hits you but does no damage. Duffy's ghost hits you!
You die...

...............
...............
...............
...............
...............
.....o.........
......ooW......
......o@.......
......o........
...............
...............
...............
...............
...............
...............


You could see Duffy's ghost and 5 orcs.

Action                   |  1- 3 |  4- 6 || total
-------------------------+-------+-------++-------
Melee: Flail             |   104 |   168 ||   272
  Eat: Chunk             |     1 |     6 ||     7

Notes
Turn   | Place    | Note
--------------------------------------------------------------
     0 | D:1      | Duffy the Vine Stalker Fighter began the quest for the Orb.
     0 | D:1      | Reached XP level 1. HP: 11/11 MP: 2/2
    97 | D:1      | Reached skill level 2 in Maces & Flails
   189 | D:1      | Reached XP level 2. HP: 16/16 MP: 3/3
   528 | D:1      | Reached skill level 3 in Fighting
   828 | D:1      | Reached XP level 3. HP: 20/20 MP: 4/4
  1293 | D:2      | Found a stormy altar of Qazlal.
  1321 | D:2      | Reached XP level 4. HP: 21/24 MP: 5/5
  1325 | D:2      | Reached skill level 3 in Shields
  1840 | D:2      | Found a burning altar of Makhleb.
  2080 | D:3      | Reached skill level 3 in Maces & Flails
  2112 | D:3      | Reached XP level 5. HP: 29/29 MP: 6/6
  2403 | D:3      | Found a glowing golden altar of the Shining One.
  2631 | D:3      | Reached skill level 4 in Fighting
  2631 | D:3      | Reached skill level 3 in Armour
  2631 | D:3      | Gained mutation: You heal very quickly. [Vine Stalker growth]
  2631 | D:3      | Reached XP level 6. HP: 27/33 MP: 5/7
  2857 | D:4      | Noticed Duffy's ghost (novice VSFi)
  2870 | D:4      | Slain by Duffy's ghost

Vault maps used:
D:1:      minmay_arrival_widening_spiral_wide, minmay_door_square
D:2:      overflow_temple_1_default, nicolae_overflow_hidden_temple, first_bread
D:3:      tso_altar
D:4:      minmay_temple_entry_large_hall, uniq_eustachio

Vanquished Creatures
  2 orc wizards
  A centaur skeleton
  4 gnolls
  3 adders
  4 worms
  13 orcs
  7 bats
  6 giant cockroaches
  10 goblins
  10 hobgoblins
  A quokka
  4 giant newts
  6 kobolds
  8 rats
79 creatures vanquished.
